 Dungeon Crawl Stone Soup version 0.31-a0-925-g0a390f2509 (webtiles) character file.

Game seed: 1013624540844643637

2235 Forgeling the Covert (level 9, -1/51 HPs)
             Began as an Octopode Venom Mage on Oct 18, 2023.
             Was an Elder of Dithmenos.
             Slain by Erica
             ... wielding a +1 scimitar of flaming
              (6 damage)
             ... on level 8 of the Dungeon.
             The game lasted 00:23:26 (7372 turns).

Forgeling the Covert (Octopode Venom Mage)          Turns: 7372, Time: 00:23:27

Health: -1/51      AC:  1    Str:  8    XL:     9   Next: 36%
Magic:  12/15      EV: 13    Int: 21    God:    Dithmenos [****..]
Gold:   581        SH:  0    Dex: 12    Spells: 6/16 levels left

rFire   . . .        b - +0 rapier
rCold   + . .        (no shield)
rNeg    . . .        (helmet restricted)
rPois   .            l - amulet of magic regeneration
rElec   .            g - ring of protection from cold
rCorr   .            (no ring)
SInv    .            (no ring)
Will    .....        (no ring)
Stlth   ++++++++     (no ring)
HPRegen 0.28/turn    (no ring)
MPRegen 0.54/turn    (no ring)
                     (no ring)

%: no passive effects
@: wreathed by umbra
A: almost no armour, amphibious, 8 rings, camouflage 1, gelatinous body 1,
(nimble swimmer 1), tentacles
a: Renounce Religion, Shadow Step


You were on level 8 of the Dungeon.
You worshipped Dithmenos.
Dithmenos was greatly pleased with you.
You visited 1 branch of the dungeon, and saw 8 of its levels.
You also visited: Ossuary.

You collected 581 gold pieces.

Inventory:

Hand Weapons
 a - a +3 hand axe of electrocution
 b - a +0 rapier (weapon)
 u - a +0 arbalest
Missiles
 f - 2 datura-tipped darts
 p - 6 boomerangs
 t - 8 poisoned darts
Armour
 h - an orb of wrath
 A - an orb of guile
Jewellery
 d - an amulet of the acrobat
 g - a ring of protection from cold (left tentacle)
 l - an amulet of magic regeneration (around mantle)
Talismans
 c - a beast talisman
Wands
 e - a wand of paralysis (3)
 i - a wand of roots (14)
 j - a wand of polymorph (3)
 q - a wand of flame (21)
Scrolls
 n - 2 scrolls of enchant armour {unknown}
 s - a scroll of revelation {unknown}
 v - a scroll of noise {unknown}
 y - a scroll of enchant weapon {unknown}
 z - a scroll of poison {unknown}
 B - a scroll of fear {unknown}
 D - 3 scrolls of blinking
 F - a scroll of fog
 V - a scroll of vulnerability
 Y - a scroll of teleportation {@r3}
Potions
 k - a potion of lignification {unknown}
 m - 3 potions of heal wounds {unknown}
 o - 2 potions of might {unknown}
 r - 2 potions of attraction {unknown}
 w - a potion of haste {unknown}
 x - a potion of mutation {unknown}
 G - a potion of ambrosia
 J - 2 potions of curing {@q1}
 Q - a potion of magic
 R - a potion of resistance


   Skills:
 - Level 5.0 Short Blades
 - Level 2.0 Dodging
 - Level 10.0 Stealth
 - Level 4.0 Spellcasting
 - Level 1.0 Transmutations
 + Level 9.4 Poison Magic
 - Level 3.0 Evocations


You had 6 spell levels left.
You knew the following spells:

 Your Spells              Type           Power      Damage    Failure   Level
a - Sting                 Tmut/Pois      100%       1d8       1%          1
d - Mephitic Cloud        Conj/Pois/Air  17%        N/A       10%         3
s - Poisonous Vapours     Pois/Air       46%        N/A       2%          2
w - Olgreb's Toxic Radia  Pois           43%        N/A       2%          4

Your spell library contained the following spells:

 Spells                   Type           Power      Damage    Failure   Level
 Apportation              Tloc           8%         N/A       12%         1
 Jinxbite                 Hex            8%         N/A       19%         2
 Alistair's Intoxication  Tmut/Pois      17%        N/A       36%         5
 Summon Lightning Spire   Summ/Air       4%         N/A       75%         4
 Lee's Rapid Deconstruct  Erth           2%         3d4*      97%         5
 Animate Armour           Summ/Erth      Unusable   N/A       N/A         4

Dungeon Overview and Level Annotations

Branches:
Dungeon (8/15)             Temple (0/1) D:5         Ossuary (visited)
   Lair: D:8-11

Altars:
Dithmenos
Kikubaaqudgha
Uskayaw
Vehumet
Xom
Zin

Annotations:
D:8 Erica


Innate Abilities, Weirdness & Mutations

You cannot wear most types of armour.
You are amphibious.
You can wear up to eight rings at the same time.
Your skin changes colour to match your surroundings (Stealth+).
Your rubbery body absorbs attacks. (AC +1, EV +1)
((You are camouflaged when in or above water. (Stealth+)))
You have tentacles for arms and can constrict up to eight enemies at once.


Message History

The helpless Erica fails to defend herself.
You impale Erica!! You grab Erica. You squeeze Erica.
Erica is heavily wounded.
You constrict Erica.
Erica looks angry.
Casting: Poisonous Vapours (safe; 2% risk of failure)
Confirm with . or Enter, or press ? or * to list all spells.
Aiming: Mephitic Cloud (dangerous; 10% risk of failure)
Press: ? - help, Shift-Dir - straight line, f/p - Erica
Aim: Erica, wielding a +1 scimitar of flaming and wearing a +0 robe (heavily wounded, constricted by you, umbra, chance to affect: 58%)
The ball explodes into a vile cloud!
Erica is heavily wounded.
You constrict Erica.
Erica is engulfed in noxious fumes.
Erica appears confused.
Erica hits you with a +1 scimitar of flaming!
Erica burns you.
You hit Erica. You squeeze Erica!
Erica is severely wounded.
You constrict Erica.
Erica is engulfed in noxious fumes.
Erica mumbles something.
Erica hits you with a +1 scimitar of flaming!
Erica burns you.
* * * LOW HITPOINT WARNING * * *
You hit Erica but do no damage. Your squeeze misses Erica.
Erica is severely wounded.
You constrict Erica, but do no damage.
Erica is engulfed in noxious fumes.
Erica appears confused.
Erica says, "Why is everything spinning?"
You hit Erica. Your squeeze misses Erica.
Erica is severely wounded.
You constrict Erica.
Erica is engulfed in noxious fumes.
Erica barely misses herself.
You hit Erica. You squeeze Erica.
Erica is almost dead.
You constrict Erica.
Erica is engulfed in noxious fumes.
Erica appears confused.
Erica hits you with a +1 scimitar of flaming!!
* * * LOW HITPOINT WARNING * * *
Erica burns you.
You die...

#.# #.#
#.# #.#
#.# #°#
#@# #@#
#.#
#######.#
........#
#..# #..#
#..# #..#
#..#


You could see Erica (confused).

Vanquished Creatures
  A wyvern (D:7)
  Eustachio (D:4)
  Menkaure (D:4)
  A water moccasin (D:4)
  A sky beast (D:6)
  2 ogres
  A black bear (D:4)
  2 gnoll sergeants
  A bullfrog (D:7)
  2 scorpions
  5 wights (D:7)
  A vampire bat (D:5)
  A howler monkey (D:5)
  5 hounds
  A gnoll bouda (D:7)
  An orc priest (D:8)
  2 sleepcaps
  2 orc wizards
  Ijyb (D:4)
  An iguana (D:6)
  A mummy (Ossuary)
  14 gnolls
  4 adders
  3 white imps
  4 ufetubi
  A dart slug (D:2)
  13 orcs
  5 spectral bats (Ossuary)
  8 bats
  A bat skeleton (D:5)
  3 bat zombies (D:5)
  5 endoplasms
  5 giant cockroaches
  12 gnoll zombies (Ossuary)
  2 goblins (D:2)
  6 hobgoblins
  5 jackals
  9 kobolds
  5 quokkas
  3 ball pythons
  2 bat simulacra (Ossuary)
  3 frilled lizards
  3 goblin simulacra (Ossuary)
  4 goblin zombies (Ossuary)
  5 hobgoblin zombies (Ossuary)
  3 kobold simulacra (Ossuary)
  5 kobold zombies (Ossuary)
  4 orc zombies (Ossuary)
  4 rats
  3 rat simulacra (Ossuary)
  4 spectral goblins (Ossuary)
  4 spectral kobolds (Ossuary)
  8 spectral rats (Ossuary)
194 creatures vanquished.

Notes
Turn   | Place    | Note
-------+----------+-------------------------------------------
     0 | D:1      | Forgeling the Octopode Venom Mage began the quest for the
                  | Orb.
     0 | D:1      | Reached XP level 1. HP: 11/11 MP: 3/3
   223 | D:1      | Reached XP level 2. HP: 16/17 MP: 5/5
   634 | D:1      | Found a faded altar of an unknown god.
   858 | D:1      | Prayed at the altar of an unknown god.
   858 | D:1      | Became a worshipper of Dithmenos the Shadowed
   858 | D:1      | Reached * piety under Dithmenos
  1305 | D:2      | Reached skill level 5 in Poison Magic
  1305 | D:2      | Reached XP level 3. HP: 21/21 MP: 6/6
  1463 | D:2      | Reached ** piety under Dithmenos
  1519 | D:2      | Found a shimmering altar of Xom.
  1801 | D:2      | Learned a level 2 spell: Poisonous Vapours
  1805 | D:2      | Learned a level 3 spell: Mephitic Cloud
  1982 | D:3      | Reached XP level 4. HP: 27/27 MP: 7/7
  2278 | D:3      | Identified the +0 ring mail of Dithmenos's Scorn {Str+5
                  | Slay-6}
  2473 | D:4      | Noticed a black bear
  2483 | D:4      | Killed a black bear
  2484 | D:4      | Reached skill level 5 in Stealth
  2484 | D:4      | Reached XP level 5. HP: 25/31 MP: 8/8
  2513 | D:4      | Noticed a water moccasin
  2578 | D:4      | Noticed Menkaure
  2583 | D:4      | Noticed Ijyb
  2604 | D:5      | Entered Level 5 of the Dungeon
  2605 | D:5      | Noticed an ogre
  2631 | D:5      | Killed an ogre
  2632 | D:5      | Reached skill level 6 in Stealth
  2632 | D:5      | Reached XP level 6. HP: 17/36 MP: 4/9
  2715 | D:5      | Found a hide-covered altar of Uskayaw.
  2801 | D:5      | Found a staircase to the Ecumenical Temple.
  2832 | D:5      | Reached skill level 7 in Stealth
  2867 | D:5      | Found a sand-covered staircase.
  2877 | Ossuary  | Entered an ossuary
  3098 | Ossuary  | Reached *** piety under Dithmenos
  3188 | Ossuary  | Reached skill level 1 in Short Blades
  3481 | D:5      | Reached **** piety under Dithmenos
  3516 | D:5      | Reached XP level 7. HP: 11/41 MP: 4/10
  3521 | D:5      | Learned a level 4 spell: Olgreb's Toxic Radiance
  4210 | D:5      | Found an ancient bone altar of Kikubaaqudgha.
  4397 | D:6      | Found a glowing silver altar of Zin.
  5100 | D:7      | Noticed a wyvern
  5151 | D:7      | Reached skill level 8 in Stealth
  5151 | D:7      | Reached XP level 8. HP: 36/46 MP: 8/12
  5269 | D:7      | Reached skill level 1 in Evocations
  5487 | D:7      | Killed a wyvern
  5581 | D:7      | Reached skill level 9 in Stealth
  5830 | D:7      | Reached skill level 5 in Short Blades
  5976 | D:4      | Noticed Eustachio
  5983 | D:4      | Killed Eustachio
  5984 | D:4      | Reached skill level 10 in Stealth
  5985 | D:4      | Reached ***** piety under Dithmenos
  5998 | D:4      | Killed Ijyb
  6128 | D:4      | Reached XP level 9. HP: 33/51 MP: 14/14
  6269 | D:4      | Killed Menkaure
  6390 | D:4      | Found a radiant altar of Vehumet.
  6600 | D:4      | Found a shadowy altar of Dithmenos.
  7363 | D:8      | Noticed Erica
  7372 | D:8      | Slain by Erica

Illustrated notes

Levels and vault maps discovered:
D:1:      amcnicky_arrival_choice, layout_basic, chequers_ecumenical_altar_lobes
D:2:      layout_rooms, basic_altar, minmay_tetromino_o4
D:3:      layout_basic
D:4:      layout_basic, mainiacjoe_overflow_six_doors_small,
          nicolae_dithmenos_through_a_glass_darkly, uniq_ijyb, uniq_menkaure,
          uniq_eustachio
D:5:      layout_loops_ring, kennysheep_vampire_church, amcnicky_altar_gilded,
          minmay_temple_entry_offerings, nicolae_ossuary_entry_ruins,
          corexii_leaking_fountain, chequers_serial_rivers_room_a,
          kennysheep_cross_bottleneck
D:6:      layout_loops_cross, lemuel_doored_altar, minmay_misc_feat_ornament
D:7:      layout_cave_pools
D:8:      layout_loops_ring, uniq_erica

Skill      XL: |  1  2  3  4  5  6  7  8  9 |
---------------+----------------------------+-----
Poison Magic   | 4 5 6 7 9 |  9.4
Stealth        | 5 6 7 8 10 | 10.0
Short Blades   | 3 5 |  5.0
Spellcasting   | 3 4 |  4.0
Evocations     | 3 |  3.0
Dodging        | |  2.0
Transmutations | |  1.0

Action                     |  1- 3 |  4- 6 |  7- 9 || total
---------------------------+-------+-------+-------++-------
  Melee: Unarmed           |    54 |       |       ||    54
         Constrict         |    20 |    26 |    37 ||    83
         Tentacles         |    12 |    35 |    36 ||    83
         Hand axe          |    37 |    10 |    21 ||    68
         Rapier            |       |   170 |   107 ||   277
         Punch             |       |     2 |     2 ||     4
   Fire: Arbalest          |       |       |    18 ||    18
   Cast: Sting             |     3 |     2 |    16 ||    21
         Mephitic Cloud    |       |     2 |     4 ||     6
         Poisonous Vapours |       |    12 |    57 ||    69
 Invoke: Shadow Step       |       |       |     1 ||     1
  Evoke: Wand              |       |       |     2 ||     2
    Use: Scroll            |     1 |     5 |     2 ||     8
   Stab: Sleeping          |    13 |    28 |    15 ||    56
         Distracted        |       |       |     2 ||     2
         Paralysed         |       |       |     3 ||     3
         Confused          |       |       |     2 ||     2
 Armour: Skin              |    43 |    65 |    68 ||   176
  Dodge: Dodged            |    82 |   146 |   106 ||   334

Table legend: (Time is in decaauts)
 A = Elapsed time spent in this place.
 B = Non-inter-level travel time spent in this place.
 C = Inter-level travel time spent in this place.
 D = Time resting spent in this place.
 E = Time spent auto-exploring this place.
 F = Levels seen in this place.
 G = Mean time per level.
                   A        B        C        D        E       F      G
               +--------+--------+--------+--------+--------+-----+--------+
         Total |   7441 |   6882 |    559 |    268 |   4480 |   9 |  826.8 |
       Dungeon |   6840 |   6281 |    559 |    249 |   4480 |   8 |  855.0 |
       Ossuary |    601 |    601 |      0 |     19 |      0 |   1 |  601.0 |
               +--------+--------+--------+--------+--------+-----+--------+

Top non-repeatable levels by time:
     D:1: 1278 daAuts
     D:7: 1089 daAuts
     D:5: 1070 daAuts
     D:6: 953 daAuts
     D:3: 830 daAuts
     D:4: 811 daAuts
 Ossuary: 601 daAuts
     D:2: 564 daAuts
     D:8: 241 daAuts
